 Dungeon Crawl Stone Soup version 0.26.0-18-gc5c842f807 (webtiles) character file.

Game seed: 2504382686725601690

78582 Kejsarherre the Peltast (level 15, -4/84 HPs)
             Began as a Gargoyle Fighter on Jan 22, 2021.
             Was the Champion of Hepliaklqana.
             Killed from afar by a wizard (25 damage)
             ... with a bolt of cold
             ... on level 14 of the Dungeon.
             The game lasted 00:56:49 (22895 turns).

Kejsarherre the Peltast (Gargoyle Fighter)         Turns: 22895, Time: 00:56:49

Health: -4/84      AC: 26    Str: 21    XL:     15   Next: 60%
Magic:  22/22      EV: 11    Int: 13    God:    Hepliaklqana [******]
Gold:   1605       SH: 20    Dex: 16    Spells: 14/14 levels left

rFire    . . .     SeeInvis .   Q - +8 whip "Snakebite" {curare, rPois}
rCold    . . .     Faith    .   G - +0 tower shield
rNeg     + . .     Spirit   .   j - +0 chain mail {Will+}
rPois    ∞         Reflect  .   (no helmet)
rElec    +         Harm     .   F - -1 cloak (curse)
rCorr    .         Rampage  .   V - +0 pair of gloves of Protective Custody {Int+4} (curse)
Will     ++...                  p - +0 pair of boots
Stlth    ..........             (no amulet)
HPRegen  0.24/turn              y - -4 ring of dexterity (curse)
MPRegen  0.18/turn              N - +6 ring of dexterity

@: flying
A: reduced essence, big wings, negative energy resistance 1, electricity
resistance, unbreathing, petrification resistance, miasma immunity, AC +11
a: Stop Flying, Renounce Religion, Recall Ancestor, Ancestor Identity,
Transference, Idealise


You were on level 14 of the Dungeon.
You worshipped Hepliaklqana.
Hepliaklqana was exalted by your worship.
You visited 3 branches of the dungeon, and saw 21 of its levels.
You also visited: Gauntlet.

You collected 1984 gold pieces.
You spent 379 gold pieces at shops.

Inventory:

Hand Weapons
 D - the +6 morningstar of Patterns {elec, rF- Will+++ Int+2, unknown}
   (You found it on level 13 of the Dungeon)

   Occasionally, upon striking a foe, it can discharge electrical energy and
   cause terrible harm.
   It affects your intelligence (+2).
   It makes you vulnerable to fire.
   It affects your willpower, your defense against some magical effects.
 Q - the +8 whip "Snakebite" (weapon) {curare, rPois}
   (You found it on level 4 of the Lair of Beasts)

   It poisons the flesh of those it strikes.
   It protects you from poison.
Missiles
 a - 5 javelins
 b - 4 boomerangs of dispersal
 n - 37 boomerangs (quivered)
 x - 13 silver javelins
Armour
 h - a +2 kite shield
 j - a +0 chain mail of willpower (worn)
 l - a scarf of harm
 p - a +0 pair of boots (worn)
 s - the +0 pair of gloves "Soafymao" {*Contam rN+++, unknown}
   (You found it in a Gauntlet)

   It renders you almost immune to negative energy.
   It causes magical contamination when unequipped.
 F - a cursed -1 cloak (worn)
 G - a +0 tower shield (worn)
 V - the cursed +0 pair of gloves of Protective Custody (worn) {Int+4}
   (You found it on level 3 of the Lair of Beasts)

   It affects your intelligence (+4).
   It has a curse placed upon it.
Jewellery
 t - the ring of Aphiucs {Fire +Inv Str+3 Int+10 Dex-3}
   (You found it on level 6 of the Dungeon)

   [ring of fire]

   It enhances your fire magic.
   It affects your strength (+3).
   It affects your intelligence (+10).
   It affects your dexterity (-3).
   It protects you from fire.
   It makes you vulnerable to cold.
   It lets you turn invisible.
 y - a cursed -4 ring of dexterity (left hand)
 I - an uncursed ring of protection from fire
 M - an uncursed ring of resist corrosion
 N - a +6 ring of dexterity (right hand)
 O - a +6 ring of strength {unknown}
Wands
 o - a wand of enslavement (20)
 u - a wand of disintegration (13)
 z - a wand of random effects (43)
 B - a wand of polymorph (29)
 E - a wand of digging (4)
 H - a wand of flame (15)
 J - a wand of paralysis (5)
 K - a wand of iceblast (16)
 T - a wand of acid (19)
Scrolls
 d - 2 scrolls of identify {unknown}
 e - 4 scrolls of remove curse {unknown}
 i - a scroll of brand weapon {unknown}
 r - 2 scrolls of enchant armour {unknown}
 w - a scroll of teleportation {unknown}
 C - a scroll of enchant weapon {unknown}
Potions
 c - a potion of degeneration {unknown}
 f - 6 potions of curing
 g - a potion of lignification {unknown}
 k - a potion of berserk rage {unknown}
 m - 5 potions of heal wounds
 q - a potion of might
 v - a potion of mutation {unknown}
Miscellaneous
 A - a condenser vane
 L - a phantom mirror


   Skills:
 - Level 11.0 Fighting
 - Level 14.0 Maces & Flails
 - Level 10.0 Armour
 - Level 8.2 Dodging
 + Level 15.2 Shields
 - Level 10.0 Invocations
 + Level 3.8 Evocations


You had 14 spell levels left.
You didn't know any spells.
Your spell library contained the following spells:

 Spells                   Type           Power        Failure   Level
 Animate Skeleton         Necr           0%           100%        1
 Apportation              Tloc           0%           100%        1
 Corona                   Hex            0%           100%        1
 Foxfire                  Conj/Fire      0%           100%        1
 Pain                     Necr           0%           100%        1
 Sting                    Tmut/Pois      0%           100%        1
 Summon Small Mammal      Summ           0%           100%        1
 Call Imp                 Summ           0%           100%        2
 Poisonous Vapours        Pois/Air       0%           100%        2
 Call Canine Familiar     Summ           0%           100%        3
 Conjure Flame            Conj/Fire      0%           100%        3
 Ignite Poison            Fire/Tmut/Pois 0%           100%        3
 Inner Flame              Hex/Fire       0%           100%        3
 Lesser Beckoning         Tloc           0%           100%        3
 Mephitic Cloud           Conj/Pois/Air  0%           100%        3
 Summon Guardian Golem    Hex/Summ       0%           100%        3
 Tukima's Dance           Hex            0%           100%        3
 Vampiric Draining        Necr           0%           100%        3
 Animate Dead             Necr           0%           100%        4
 Olgreb's Toxic Radiance  Pois           0%           100%        4
 Sticky Flame             Conj/Fire      0%           100%        4
 Summon Ice Beast         Ice/Summ       0%           100%        4
 Summon Lightning Spire   Summ/Air       0%           100%        4
 Agony                    Necr           0%           100%        5
 Alistair's Intoxication  Tmut/Pois      0%           100%        5
 Fireball                 Conj/Fire      0%           100%        5
 Invisibility             Hex            0%           100%        6


Dungeon Overview and Level Annotations

Branches:
Dungeon (14/15)            Temple (1/1) D:4            Lair (6/6) D:8
 Shoals (0/4) Lair:3       Spider (0/4) Lair:3        Slime (0/5) Lair:5
    Orc (0/2) D:9         Gauntlet (visited)
 Vaults: D:13-14

Altars:
Ashenzari
Cheibriados
Dithmenos
Fedhas
Gozag
Hepliaklqana
Kikubaaqudgha
Makhleb
Nemelex Xobeh
Okawaru
Qazlal
Ru
Sif Muna
Trog
Uskayaw
Vehumet
Wu Jian
Xom
Yredelemnul
Zin
The Shining One
Jiyva

Shops:
D:4 !   D:6 (   D:14 =

Annotations:
D:11 3 runed translucent doors, Tagedieb's ghost, journeyman OpEn
D:13 3 runed translucent doors, brob1's ghost, journeyman DDFi
D:14 Roxanne
Lair:6 exclusion: orange crystal statue


Innate Abilities, Weirdness & Mutations

You are resistant to torment.
Your stone body is resilient. (AC +11)
You are immune to poison.
Your large and strong wings let you fly indefinitely.
You resist negative energy. (rN+)
You are resistant to electric shocks. (rElec)
You can survive without breathing.
You are immune to petrification.
You are immune to miasma.
Your life essence is reduced to manifest your ancestor. (-10% HP)


Message History

Unknown command.
You whack the wizard!
The wizard is poisoned.
The wizard is moderately wounded.
The acid dragon spits acid at you. You block the splash of acid.
The wizard hits you but does no damage.
Unknown command.
You whack the wizard!
The wizard looks as sick as possible!
The wizard is severely wounded.
The deep elf mage gestures wildly while chanting.
The deep elf mage blinks!
You block the wizard's attack.
The two-headed ogre hits you with a +0 giant club.
The two-headed ogre hits you with a +0 giant spiked club!
* * * LOW HITPOINT WARNING * * *
Unknown command.
You swap places.
The wizard points at you and mumbles some strange words.
The bolt of cold hits Nefertari!
Nefertari resists.
The bolt of cold hits you!!
You die...

....)..#.∩.###..[.....#
.#######...##..)......#
.# #.#..(..)).....# .#
#.....#.)......#
.##########.####......#
.......#..'....#......#
.......#..####'#.######
.......#..#....#.#
......)#+#######@#
.###.... ......OR#
.###.#.. ..../.pD#
.....##. ...O.....
.......# ##'####...
.......# .. #....
.####..# . #.....
#####.# #.#####
.<....### ###


You could see the friendly Nefertari the battlemage, 2 two-headed ogres, a
wizard (fast, extremely poisoned) and an acid dragon.

Vanquished Creatures
  Rupert (D:12)
  Agnes (D:14)
  A dire elephant (Lair:6)
  A minotaur (Gauntlet)
  Harold (D:7)
  The ghost of Vew Pil the Grappler, a journeyman DrTm of Okawaru (Lair:1)
  2 hydras
  A catoblepas (Lair:6)
  4 two-headed ogres
  A tengu warrior (D:13)
  4 death yaks (Lair:6)
  A deep troll shaman (Lair:6)
  A queen ant (D:8)
  A centaur warrior (D:13)
  A hell hog (Gauntlet)
  Pikel (D:8)
  A wizard (D:14)
  A deep elf mage (D:13)
  4 ugly things
  A manticore (D:12)
  2 black mambas
  A centaur zombie (D:12)
  11 elephants
  A merfolk siren (Lair:3)
  A torpor snail (Lair:2)
  A gargoyle (D:12)
  A centaur skeleton (D:13)
  5 cane toads
  2 rime drakes
  A kobold demonologist (D:11)
  Maggie (D:6)
  2 komodo dragons
  2 polar bears (Lair:6)
  2 jumping spiders (Lair:3)
  2 hornets
  The ghost of ciphuk the Covert, a novice FeEn (D:6)
  A large abomination (Gauntlet)
  11 blink frogs
  3 dream sheep (Lair:2)
  2 shadows
  32 yaks
  2 fire bats (Gauntlet)
  2 redbacks (Lair:3)
  3 wyverns
  A wraith (D:10)
  2 basilisks (D:8)
  4 small abominations (Gauntlet)
  A harpy simulacrum (Gauntlet)
  13 soldier ants (D:8)
  2 hell hounds (Gauntlet)
  15 water moccasins
  3 orc warriors
  A sky beast (D:5)
  6 black bears
  2 ice beasts
  An eye of draining (D:12)
  An ogre (D:5)
  8 wolves
  3 phantoms
  14 centaurs
  4 big kobolds
  12 bullfrogs
  A water moccasin zombie (D:8)
  A wyvern zombie (D:12)
  2 scorpions
  17 killer bees
  13 wights
  2 howler monkeys
  An electric eel (D:12)
  A bullfrog zombie (D:6)
  2 hounds
  5 jellies
  4 orc priests
  Crazy Yiuf (D:4)
  2 iguanas
  7 orc wizards
  20 worker ants
  A worker ant zombie (D:9)
  6 gnolls
  9 adders
  7 river rats (Lair:1)
  3 shadow imps
  2 white imps
  3 ufetubi
  3 oozes
  4 worms
  A dart slug (D:3)
  An adder simulacrum (D:6)
  4 leopard geckos
  44 orcs
  4 giant cockroaches
  6 goblins
  5 hobgoblins
  11 jackals
  4 quokkas
  3 ball pythons
  6 bats
  4 frilled lizards
  A jackal skeleton (D:4)
  20 kobolds
  A leopard gecko skeleton (D:7)
  21 rats
468 creatures vanquished.

Vanquished Creatures (collateral kills)
  Louise (D:14)
  A boulder beetle (D:14)
  5 hydras
  A centaur warrior (D:14)
  A two-headed ogre (D:13)
  A catoblepas (Lair:5)
  A death yak (Lair:6)
  A tengu warrior (D:13)
  4 skeletal warriors (D:13)
  A deep troll (shapeshifter) (D:13)
  2 unseen horrors
  2 ugly things (D:14)
  A cyclops (D:12)
  Maurice (D:8)
  3 elephants
  4 black mambas
  An ice statue (Gauntlet)
  2 cane toads
  2 gargoyles (D:14)
  A rime drake (Gauntlet)
  5 komodo dragons
  4 trolls
  A wolf spider simulacrum (Gauntlet)
  A merfolk (Lair:3)
  A polar bear (Lair:2)
  5 blink frogs
  A redback (Lair:3)
  2 shadows (Gauntlet)
  A basilisk (Lair:1)
  12 yaks
  2 acid dragons (D:12)
  7 soldier ants (D:8)
  5 water moccasins
  2 orc warriors
  2 meliai simulacra (Gauntlet)
  2 ice beasts (D:6)
  3 black bears
  2 wolves (Lair:1)
  2 centaurs
  A big kobold (D:11)
  A gnoll sergeant (D:8)
  4 bullfrogs
  A scorpion (D:9)
  7 killer bees
  8 wights
  4 howler monkeys
  2 lava snakes (Lair:6)
  A bullfrog zombie (D:12)
  A hound (D:10)
  A jelly (D:10)
  An orc wizard (D:13)
  2 bullfrog skeletons
  7 worker ants
  2 hell rats (Lair:1)
  2 centaur simulacra
  A bullfrog simulacrum (D:6)
  6 gnolls
  An adder (D:5)
  5 river rats (Lair:1)
  A hound simulacrum (D:6)
  A white imp (D:7)
  An ufetubus (D:6)
  An ooze (Lair:5)
  An adder simulacrum (D:6)
  A leopard gecko (D:8)
  11 orcs
  A giant cockroach (D:6)
  A kobold (D:11)
  A bush (Lair:6)
174 creatures vanquished.

Vanquished Creatures (others)
  9 battlemagi
  An ancestor (D:6)
  A demonic plant (Gauntlet)
  14 fungi
  23 plants
48 creatures vanquished.

Grand Total: 690 creatures vanquished

Notes
Turn   | Place    | Note
-------+----------+-------------------------------------------
     0 | D:1      | Kejsarherre the Gargoyle Fighter began the quest for the
                  | Orb.
     0 | D:1      | Reached XP level 1. HP: 14/14 MP: 1/1
   410 | D:1      | Reached XP level 2. HP: 19/19 MP: 2/2
  1146 | D:2      | Found a shadowy altar of Dithmenos.
  1150 | D:2      | Found a sacrificial altar of Ru.
  1180 | D:2      | Found a basalt altar of Yredelemnul.
  1271 | D:2      | Reached XP level 3. HP: 24/24 MP: 3/3
  1967 | D:2      | Found a shimmering blue altar of Sif Muna.
  2136 | D:3      | Reached XP level 4. HP: 30/30 MP: 4/4
  3449 | D:4      | Reached XP level 5. HP: 18/34 MP: 5/5
  3668 | D:4      | Reached skill level 5 in Fighting
  3777 | D:4      | Found a staircase to the Ecumenical Temple.
  3797 | Temple   | Entered the Ecumenical Temple
  3829 | Temple   | Became a worshipper of Hepliaklqana the Forgotten
  3924 | D:4      | Found Wiasimp's Distillery.
  3941 | D:4      | Bought a potion of heal wounds for 65 gold pieces
  3941 | D:4      | Bought a potion of curing for 39 gold pieces
  3978 | D:4      | Noticed a black bear
  3989 | D:4      | Killed a black bear
  3990 | D:4      | Reached XP level 6. HP: 16/36 MP: 6/6
  4496 | D:4      | Found a runed translucent door.
  4497 | D:4      | Noticed Crazy Yiuf
  4507 | D:4      | Killed Crazy Yiuf
  4702 | D:5      | Entered Level 5 of the Dungeon
  4709 | D:5      | Noticed a phantom
  4718 | D:5      | Reached skill level 5 in Maces & Flails
  4731 | D:5      | Killed a phantom
  4732 | D:5      | Reached XP level 7. HP: 32/41 MP: 7/7
  4892 | D:5      | Found a bloodstained altar of Trog.
  4960 | D:5      | Reached * piety under Hepliaklqana
  4994 | D:5      | Found a shimmering altar of Xom.
  5363 | D:6      | Found a runed translucent gate.
  5363 | D:6      | Found a runed translucent gate.
  5363 | D:6      | Found a runed translucent gate.
  5368 | D:6      | Reached XP level 8. HP: 45/45 MP: 8/8
  5740 | D:6      | Found a burning altar of Makhleb.
  6291 | D:6      | Reached skill level 10 in Maces & Flails
  6380 | D:6      | Found Ozocat Aluy's Weapon Boutique.
  6465 | D:6      | Reached XP level 9. HP: 23/49 MP: 9/9
  6665 | D:6      | Reached skill level 4 in Shields
  6786 | D:6      | Noticed ciphuk's ghost (novice FeEn)
  6816 | D:6      | Reached ** piety under Hepliaklqana
  6817 | D:6      | Remembered your ancestor Nefertari as a battlemage
  6843 | D:6      | Killed ciphuk's ghost
  6844 | D:6      | Reached skill level 5 in Shields
  6871 | D:6      | Got the ring of Aphiucs {Fire}
  6872 | D:6      | Identified the ring of Aphiucs {Fire +Inv Str+3 Int+10
                  | Dex-3} (You found it on level 6 of the Dungeon)
  6931 | D:6      | Found a stormy altar of Qazlal.
  7107 | D:7      | Noticed Maggie
  7159 | D:7      | Noticed Harold
  7169 | D:6      | Reached skill level 6 in Shields
  7177 | D:6      | Killed Maggie
  7249 | D:7      | Killed Harold
  7250 | D:7      | Reached skill level 8 in Shields
  7250 | D:7      | Reached XP level 10. HP: 42/54 MP: 10/10
  7440 | D:7      | Found a hide-covered altar of Uskayaw.
  8216 | D:8      | Reached skill level 9 in Shields
  8235 | D:8      | Noticed Pikel
  8250 | D:8      | Noticed Maurice
  8267 | D:8      | Killed Pikel
  8325 | D:8      | Reached skill level 10 in Shields
  8325 | D:8      | Killed Maurice
  8326 | D:8      | Reached XP level 11. HP: 34/57 MP: 11/11
  8495 | D:8      | Found a staircase to the Lair.
  8920 | D:8      | Noticed a queen ant
  8973 | D:8      | Killed a queen ant
  8974 | D:8      | Reached skill level 11 in Shields
  9693 | D:9      | Reached *** piety under Hepliaklqana
  9779 | D:9      | Found an opulent altar of Gozag.
 10244 | D:9      | Found a staircase to the Orcish Mines.
 10505 | D:9      | Found a radiant altar of Vehumet.
 10887 | D:10     | Entered Level 10 of the Dungeon
 11020 | D:10     | Reached skill level 12 in Shields
 11211 | D:10     | Reached **** piety under Hepliaklqana
 11649 | D:11     | Reached XP level 12. HP: 57/63 MP: 12/12
 11869 | D:11     | Found a runed translucent gate.
 11869 | D:11     | Found a runed translucent gate.
 11869 | D:11     | Found a runed translucent gate.
 11871 | D:11     | Noticed Tagedieb's ghost (journeyman OpEn)
 11943 | D:11     | Reached skill level 13 in Shields
 11969 | D:11     | Noticed a two-headed ogre
 11977 | D:11     | Killed a two-headed ogre
 12155 | D:11     | Noticed a two-headed ogre
 12167 | D:11     | Killed a two-headed ogre
 12469 | D:12     | Reached skill level 14 in Shields
 12807 | D:12     | Noticed Rupert
 12838 | D:12     | Killed Rupert
 12857 | D:12     | Reached skill level 15 in Shields
 13599 | Lair:1   | Entered Level 1 of the Lair of Beasts
 14050 | Lair:1   | Reached skill level 5 in Armour
 14167 | Lair:1   | Reached ***** piety under Hepliaklqana
 14193 | Lair:1   | Noticed a seven-headed hydra
 14194 | Lair:1   | Found a runed translucent door.
 14194 | Lair:1   | Noticed Vew Pil's ghost (journeyman DrTm)
 14199 | Lair:1   | Killed a seven-headed hydra
 14200 | Lair:1   | Reached XP level 13. HP: 68/70 MP: 13/13
 14226 | Lair:1   | Killed Vew Pil's ghost
 16006 | Lair:3   | Got a pair of twisted gloves
 16012 | Lair:3   | Identified the cursed +0 pair of gloves of Protective
                  | Custody {Int+4} (You found it on level 3 of the Lair of
                  | Beasts)
 16038 | Lair:3   | Reached skill level 10 in Fighting
 17016 | Lair:3   | Found a staircase to the Shoals.
 17090 | Lair:3   | Found a hole to the Spider Nest.
 17264 | Lair:4   | Reached skill level 1 in Invocations
 17344 | Lair:4   | Reached skill level 1 in Dodging
 17459 | Lair:4   | Reached ****** piety under Hepliaklqana
 17543 | Lair:4   | Gained mutation: Your large and strong wings let you fly
                  | indefinitely. [Gargoyle growth]
 17543 | Lair:4   | Reached XP level 14. HP: 68/81 MP: 15/15
 17904 | Lair:4   | Reached skill level 10 in Armour
 17913 | Lair:4   | Found the +8 whip "Snakebite" {curare, rPois}
 18765 | Lair:5   | Reached skill level 5 in Invocations
 18887 | Lair:5   | Found a runed translucent door.
 18887 | Lair:5   | Found a viscous altar of Jiyva.
 18893 | Lair:5   | Found a staircase to the Slime Pits.
 19221 | Lair:6   | Entered Level 6 of the Lair of Beasts
 19747 | Lair:6   | Reached skill level 5 in Dodging
 19920 | Lair:6   | Noticed a dire elephant
 19948 | Lair:6   | Killed a dire elephant
 20481 | D:13     | Found a runed translucent gate.
 20513 | D:13     | Found a runed translucent gate.
 20513 | D:13     | Found a runed translucent gate.
 20514 | D:13     | Noticed brob1's ghost (journeyman DDFi)
 20515 | D:13     | Identified the +2 dagger of the Tundras {drain, rElec
                  | Int+2}
 20515 | D:13     | Identified the +1 short sword of Ifegexia {drain, +Inv}
 20584 | D:13     | Reached XP level 15. HP: 15/84 MP: 17/21
 20944 | D:13     | Found a gate leading to a gauntlet.
 20957 | Gauntlet | Entered a Gauntlet
 20957 | Gauntlet | Found a transporter.
 21004 | Gauntlet | Found a transporter.
 21007 | Gauntlet | Found a transporter.
 21008 | Gauntlet | Found a transporter.
 21019 | Gauntlet | Found a transporter.
 21019 | Gauntlet | Found a transporter.
 21020 | Gauntlet | Found a transporter.
 21024 | Gauntlet | Found a runed translucent door.
 21024 | Gauntlet | Found a runed translucent door.
 21028 | Gauntlet | Found a transporter.
 21031 | Gauntlet | Found a transporter.
 21032 | Gauntlet | Found a transporter.
 21040 | Gauntlet | Found a transporter.
 21043 | Gauntlet | Found a transporter.
 21044 | Gauntlet | Found a transporter.
 21052 | Gauntlet | Found a transporter.
 21323 | Gauntlet | Got a pair of transparent gloves
 21637 | Gauntlet | Identified the +3 fustibalus of Valour {venom, Fragile
                  | rElec Str+2 Dex+4}
 21889 | D:13     | Reached skill level 10 in Invocations
 21986 | D:13     | Reached skill level 1 in Evocations
 22216 | D:13     | Got a jewelled morningstar
 22266 | D:14     | Noticed Louise
 22402 | D:14     | Killed Louise
 22562 | D:14     | Noticed Agnes
 22584 | D:14     | Killed Agnes
 22737 | D:14     | Identified Roxanne's Volume of Shape Shifting
 22737 | D:14     | Noticed Roxanne
 22785 | D:14     | Found Pecarhav's Jewellery Emporium.
 22802 | D:14     | Bought an uncursed ring of protection from fire for 275
                  | gold pieces
 22814 | D:14     | Found a burning altar of Makhleb.
 22814 | D:14     | Noticed a balrug
 22895 | D:14     | Killed from afar by a wizard

Illustrated notes

Levels and vault maps discovered:
D:1:      lightli_arrival_quake, layout_loops_corners, minmay_stone_trees_small
D:2:      layout_loops_corners, overflow_temple_1_default,
          general_overflow_altar, lemuel_coloured_pillars_altar,
          grunt_dithmenos_smoke_and_mirrors
D:3:      layout_loops_ring, nrook_uturn, minmay_rat_hole
D:4:      black_bear_nest_1, layout_loops_ring, temple_doors_cd, serial_shops,
          shop, uniq_crazy_yiuf_cottage
D:5:      wander_river, layout_basic, xom_butterflies, trog_book
D:6:      layout_basic, overflow_temple_1_default, serial_shops,
          nicolae_shop_crystal, gammafunk_ghost_icy,
          nicolae_qazlal_general_emergency
D:7:      layout_rooms, overflow_temple_1_default, uniq_harold, uniq_maggie
D:8:      layout_loops_ring, minmay_lair_entry_grove, minivault_29,
          uniq_maurice, uniq_pikel
D:9:      layout_loops_corners, grunt_gozag_breadcrumbs, lemuel_doored_altar,
          hiddenorc2_lemuel
D:10:     lemuel_upstairs_altar, layout_loops_cross
D:11:     layout_loops_cross, gammafunk_ghost_spectres,
          kennysheep_generic_room_4
D:12:     layout_rooms, kennysheep_minor_cross, chequers_arboretum, drop_trap,
          uniq_rupert
D:13:     layout_gridville, gammafunk_ghost_nasty_kobolds,
          gauntlet_entry_generic
D:14:     layout_rooms, david_vaults_1, minmay_misc_feat_chi, serial_shops,
          nicolae_shop_stone, makhleb_altar_promises_db, uniq_louise,
          uniq_agnes, uniq_roxanne
Temple:   minmay_temple_bridge_abc
Lair:1:   layout_regular_city, ebering_ghost_inner_flame, kennysheep_rathole
Lair:2:   layout_chaotic_city, lemuel_fruit_fields, grunt_megastairs_1
Lair:3:   layout_regular_city, elwin_shoals_entry_rooms,
          spider_nest_entry_funnel_web, st_stairs_6
Lair:4:   minmay_guarded_unrand_snakebite, layout_regular_city
Lair:5:   layout_long_grid, slime_altar_2, serial_bayou_shore_a
Lair:6:   grunt_lair_end_beastmaster, layout_hall_layers, st_stairs_6,
          minivault_25, chequers_serial_rivers_micro_c, disabler_island,
          lemuel_fruit_fields, lemuel_fruit_fields

Skill      XL: |  1  2  3  4  5  6  7  8  9 10 11 12 13 14 15 |
---------------+----------------------------------------------+-----
Fighting       | 4 5 6 7 11 | 11.0
Maces & Flails | 3 4 6 7 10 11 12 14 | 14.0
Shields        | 8 10 12 15 | 15.2
Armour         | 5 9 10 | 10.0
Invocations    | 2 8 10 | 10.0
Dodging        | 1 6 8 |  8.2
Evocations     | 3 |  3.8

Action                   |  1- 3 |  4- 6 |  7- 9 | 10-12 | 13-15 || total
-------------------------+-------+-------+-------+-------+-------++-------
Melee: Flail             |   170 |   132 |       |       |       ||   302
       Mace              |       |    12 |   244 |   982 |   446 ||  1684
       Whip              |       |       |       |       |   683 ||   683
Throw: Boomerang         |       |    21 |     2 |    16 |    25 ||    64
       Javelin           |       |       |       |    14 |       ||    14
       Throwing net      |       |       |       |     4 |       ||     4
Invok: Ancestor Life: Ba |       |       |     1 |       |       ||     1
       Idealise          |       |       |       |       |     2 ||     2
 Abil: Fly               |       |       |       |       |     1 ||     1
Evoke: Wand              |       |       |       |     2 |     1 ||     3
       Phantom mirror    |       |       |       |       |     1 ||     1
 Stab: Invisible         |       |     1 |       |       |       ||     1
       Distracted        |       |       |     1 |     9 |    12 ||    22
       Paralysed         |       |       |       |     4 |       ||     4
       Held in net/web   |       |       |       |     1 |       ||     1
       Petrified         |       |       |       |       |     9 ||     9
Armor: Scale mail        |   114 |    80 |    56 |       |       ||   250
       Plate armour      |       |       |   101 |   410 |   342 ||   853
       Chain mail        |       |       |       |       |    85 ||    85
Dodge: Dodged            |    63 |    48 |    50 |   135 |   161 ||   457
Block: Kite shield       |   109 |    81 |   114 |   506 |   519 ||  1329
       Tower shield      |       |       |       |       |    51 ||    51
